 Dungeon Crawl Stone Soup version 0.25-a0-544-gee0576305d (webtiles) character file.

Game seed: 10518076126796717768, levelgen mode: classic

23738 EnegeticOcto the Pandemonic (level 12, -1/127 HPs)
             Began as a Deep Dwarf Fighter on Feb 20, 2020.
             Was a High Priest of Makhleb.
             Slain by an orange demon (6 damage)
             ... summoned by an orc sorcerer
             ... on level 2 of the Orcish Mines.
             The game lasted 00:06:27 (7714 turns).

EnegeticOcto the Pandemonic (Deep Dwarf Fighter)    Turns: 7714, Time: 00:06:28

Health: -1/127     AC: 16    Str: 25    XL:     12   Next: 74%
Magic:  1/1        EV:  8    Int:  9    God:    Makhleb [*****.]
Gold:   954        SH: 11    Dex: 10    Spells: 11/11 levels left

rFire    . . .     SeeInvis .   a - +1 war axe (drain)
rCold    . . .     Gourm    .   c - +0 kite shield
rNeg     . . .     Faith    .   g - +0 plate armour
rPois    .         Spirit   .   (no helmet)
rElec    .         Reflect  .   (no cloak)
rCorr    .         Harm     .   (no gloves)
MR       +....                  d - +1 pair of boots
Stlth    ..........             (no amulet)
HPRegen  0.00/turn              (no ring)
MPRegen  0.07/turn              (no ring)

@: lethally poisoned (-1 -> -1), non-regenerating, drained
A: damage resistance, heal wounds, clumsy 1, sense surroundings 2, robust 1,
wild magic 1, no regeneration
a: Heal Wounds, Minor Destruction, Lesser Servant of Makhleb, Major Destruction,
Greater Servant of Makhleb, Renounce Religion


You were on level 2 of the Orcish Mines.
You worshipped Makhleb.
Makhleb was extremely pleased with you.
You were hungry.

You visited 3 branches of the dungeon, and saw 15 of its levels.

You collected 954 gold pieces.

Inventory:

Hand Weapons
 a - a +1 war axe of draining (weapon)
Armour
 c - a +0 kite shield (worn)
 d - a +1 pair of boots (worn)
 g - a +0 plate armour (worn)
Wands
 b - a wand of flame (21)
 p - a wand of polymorph (9)
 w - a wand of digging (5) {@v2}
 z - a wand of clouds (5)
Scrolls
 h - 6 scrolls of teleportation {@r2}
 i - 8 scrolls of remove curse {@r6}
 o - 4 scrolls of magic mapping {@r5}
 q - 4 scrolls of enchant weapon
 r - a scroll of fear
 t - a scroll of amnesia
 v - 3 scrolls of identify {@r1}
 y - a scroll of immolation {@r4}
 A - a scroll of blinking {@r3}
Potions
 f - 3 potions of brilliance
 j - 3 potions of stabbing {@q5}
 k - 5 potions of might {@q3}
 m - a potion of resistance {@q6}
 n - 3 potions of haste {@q4}
 s - a potion of heal wounds {@q2}
 u - 2 potions of lignification {@q7}
 x - a potion of mutation
Comestibles
 e - 23 rations
 l - 18 chunks of flesh


   Skills:
 * Level 10.1(9.3) Fighting
 * Level 11.6(10.7) Axes
 + Level 8.9(8.1) Armour
 + Level 8.0(7.2) Dodging
 + Level 8.7(7.9) Shields
 * Level 12.0(11.1) Invocations


You had 11 spell levels left.
You didn't know any spells.
Your spell library was empty.

Dungeon Overview and Level Annotations

Branches:
Dungeon (12/15)            Temple (1/1) D:4            Lair (0/6) D:9
    Orc (2/2) D:12            Elf (0/3) Orc:2

Altars:
Ashenzari
Cheibriados
Gozag
Kikubaaqudgha
Makhleb
Nemelex Xobeh
Okawaru
Qazlal
Ru
Sif Muna
Trog
Uskayaw
Vehumet
Wu Jian
Xom
Yredelemnul
Zin
The Shining One
Beogh

Shops:
Orc:2 ?


Innate Abilities, Weirdness & Mutations

You are resistant to damage.
You can heal yourself by infusing magical energy.
You passively map the area around you.
You do not regenerate.
You are clumsy. (Dex -2)
You are robust. (+10% HP)
Your spells are a little harder to cast, but a little more powerful.


Message History

An orc comes into view. It is wielding a +0 mace.
An orc sorcerer comes into view.
It is wielding a +0 dagger and wearing a +1 robe of magic resistance.
You barely miss the orc warrior.
The orc warrior is almost dead.
You miss the sixfirhy.
The orc sorcerer shouts!
You hit the orc priest. You drain the orc priest.
You hear a shout! x6
The sixfirhy disappears in a puff of smoke!
The orc warrior hits you but does no damage.
You block the orc priest's attack.
The orc sorcerer casts a spell.
The ynoxinul hits you but does no damage.
You slash the orc warrior!
You kill the orc warrior!
Makhleb accepts your kill.
You hit the orc sorcerer but do no damage.
You hit the orc priest. You drain the orc priest.
You kill the orc priest!
Makhleb accepts your kill.
You hit the ynoxinul.
The orc sorcerer says, "Dogrw nutew berg."
You block the orc sorcerer's attack.
You slash the ynoxinul!
The ynoxinul is heavily wounded.
You slash the orc sorcerer!
The ynoxinul hits you but does no damage.
The orc sorcerer wildly gestures.
You feel troubled.
The orc sorcerer mumbles some strange words.
You barely miss the ynoxinul.
The ynoxinul is heavily wounded.
You barely miss the orc sorcerer.
The orc priest miscasts a cantrip.
The ynoxinul hits you but does no damage.
The orc sorcerer casts a spell at you.
You suddenly lose the ability to move!
An orc wizard comes into view. It is wielding a +0 dagger. x2
The orc wizard shouts!
You hear a shout! x4
The orange demon completely misses you.
The ynoxinul hits you but does no damage.
The orc knight roars a battlecry!
The orcs go into a battle-frenzy!
The orc sorcerer hits you with a +0 dagger.
The orc priest begins to cast a cantrip, but forgets the words!
An orc warrior comes into view. It is wielding a +0 morningstar.
The orc warrior shouts!
You hear a shout! x6
The orange demon stings you but does no damage.
The orc priest hits you but does no damage.
The ynoxinul gestures.
The orc sorcerer gestures at you while chanting.
The bolt of negative energy hits you!!!
You feel drained.
* * * LOW HITPOINT WARNING * * *
An orc warrior comes into view. It is wielding a +0 battleaxe.
The orc wizard casts a spell.
The orc wizard blinks!
The orange demon stings you but does no damage.
An orc comes into view. It is wielding a +0 flail.
The orc priest barely misses you. The troll bites you.
The troll claws you but does no damage. x2
The ynoxinul hits you but does no damage.
The orc sorcerer hits you but does no damage.
An orc comes into view. It is wielding a +0 dagger.
You can move again.
You are too injured to fight recklessly!
You are too injured to fight recklessly!
The orange demon stings you from afar.
* * * LOW HITPOINT WARNING * * *
You are poisoned.
The orange demon poisons you!
The orc priest invokes the aid of Beogh against you.
Beogh smites you!
* * * LOW HITPOINT WARNING * * *
An orc high priest comes into view. It is wielding a +0 dire flail.
The troll bites you but does no damage.
The troll claws you but does no damage. x2
An orc comes into view.
The ynoxinul gestures at you. The iron shot hits you!!
* * * LOW HITPOINT WARNING * * *
The orc priest hits you with a +0 flail.
You block the orc sorcerer's attack.
The orc high priest shouts!
You hear a shout! x2
You block the ufetubus's attack.
The ufetubus hits you but does no damage.
The orange demon stings you but does no damage.
The orc high priest prays to Beogh.
The orc priest casts a cantrip, but nothing happens.
The troll bites you but does no damage. You block the troll's attack.
The troll barely misses you.
The ynoxinul hits you but does no damage.
The ufetubus barely misses you.
The ufetubus hits you but does no damage.
An orc wizard comes into view. It is wielding a -3 dagger.
The orc knight roars a battlecry!
The orc knight goes into a battle-frenzy!
You hear a shout!
Some of the chunks of flesh in your inventory have rotted away.
The ufetubus hits you but does no damage.
You block the ufetubus's attack. The orange demon stings you from afar!
You die...

* * * ,...., ... ,
##........... #.$...# * *
#...........### ##$....#
*,,
,,,............#.###......#
, ,.......#........#.$.....
, ......................##
, ......5......)#.........
,, ......355.$..))).....∩..
*
,,$....4T@.....)..........
, ,
*...ooooo.....))......... ,
....o3...........)$...## *
* ...oo############.#...#.
* ...oo,, ####.###


.ooo o * ### # * * ,..o , * * * .oo * ,,,, , , ,* , # You could see 2 orc
knights, a soul eater, an orc high priest, an orange demon, a troll, a ynoxinul,
2 orc sorcerers, 2 orc warriors, 3 orc priests, an orc wizard, 5 orcs and 3
ufetubi.

Vanquished Creatures
  A centaur warrior (D:12)
  A tengu warrior (D:10)
  5 two-headed ogres
  An ogre mage (Orc:1)
  2 deep trolls (D:12)
  Pikel (D:4)
  An orc knight (Orc:2)
  An ugly thing (D:10)
  2 manticores
  Maurice (D:9)
  Psyche (D:9)
  A gargoyle (D:10)
  2 komodo dragons
  12 trolls
  2 hippogriffs
  A spriggan (D:11)
  5 yaks
  A water elemental (D:12)
  A wyvern (D:10)
  A hungry ghost (D:10)
  Grum (D:10)
  2 vampire mosquitoes (D:11)
  A warg (Orc:2)
  A water moccasin (D:9)
  2 eyes of draining (D:10)
  2 ice beasts
  2 sky beasts
  A phantom (D:7)
  17 orc warriors
  4 slaves (D:4)
  A necrophage (D:9)
  2 wolves (D:10)
  11 ogres
  2 centaurs
  2 big kobolds (D:7)
  A crocodile (D:11)
  Blork the orc (D:4)
  9 bullfrogs
  A wyvern zombie (D:6)
  7 killer bees
  4 scorpions
  A water moccasin skeleton (D:9)
  11 wights
  A bullfrog zombie (D:11)
  A centaur zombie (D:9)
  9 crimson imps
  2 quasits
  2 hounds (D:6)
  4 jellies
  A bullfrog skeleton (D:11)
  13 orc priests
  8 centaur skeletons
  9 orc wizards
  5 iguanas
  6 worker ants
  A hound zombie (D:7)
  A mummy (D:5)
  4 gnolls (D:10)
  5 adders
  6 shadow imps
  3 white imps (D:7)
  2 oozes
  2 adder zombies
  An adder skeleton (D:9)
  2 worms
  3 dart slugs
  12 leopard geckos
  57 orcs
  2 ball pythons
  6 bats
  3 giant cockroaches
  A goblin (D:1)
  4 hobgoblins
  22 jackals
  18 kobolds
  4 quokkas
  2 frilled lizards (D:2)
  2 hobgoblin zombies (D:5)
  2 orc zombies (D:5)
  A rat (D:1)
  2 withered plants (D:6)
358 creatures vanquished.

Vanquished Creatures (collateral kills)
  A hydra (D:11)
  An iron troll (D:12)
  2 ugly things (D:11)
  A troll (D:12)
  4 yaks (D:11)
  2 vampire mosquitoes (D:11)
  An orc warrior (D:12)
  An ogre (D:11)
  An orc wizard (D:12)
  An iguana (D:11)
15 creatures vanquished.

Vanquished Creatures (others)
  4 plants (D:9)
4 creatures vanquished.

Grand Total: 377 creatures vanquished

Notes
Turn   | Place    | Note
-------+----------+-------------------------------------------
     0 | D:1      | EnegeticOcto the Deep Dwarf Fighter began the quest for the
                  | Orb.
     0 | D:1      | Reached XP level 1. HP: 20/20 MP: 1/1
    39 | D:1      | Reached XP level 2. HP: 27/27 MP: 2/2
   329 | D:2      | Reached XP level 3. HP: 30/34 MP: 3/3
   427 | D:2      | Found a stormy altar of Qazlal.
   467 | D:2      | Reached skill level 1 in Dodging
   715 | D:4      | Reached XP level 4. HP: 39/42 MP: 4/4
   765 | D:4      | Noticed a slave
   766 | D:4      | Noticed a slave
   767 | D:4      | Noticed a slave
   767 | D:4      | Noticed Pikel
   776 | D:4      | Killed a slave
   779 | D:4      | Noticed a slave
   780 | D:4      | Killed a slave
   794 | D:4      | Killed a slave
   795 | D:4      | Killed a slave
   804 | D:4      | Killed Pikel
   804 | D:4      | Reached skill level 5 in Axes
   804 | D:4      | Reached XP level 5. HP: 51/51 MP: 4/4
   804 | D:4      | Reached XP level 6. HP: 58/58 MP: 5/5
   804 | D:4      | Reached XP level 7. HP: 66/66 MP: 6/6
   926 | D:4      | Noticed Blork the orc
   945 | D:4      | Killed Blork the orc
   976 | D:4      | Reached skill level 5 in Fighting
   991 | D:4      | Found a sparkling altar of Nemelex Xobeh.
  1046 | D:4      | Found a staircase to the Ecumenical Temple.
  1164 | Temple   | Entered the Ecumenical Temple
  1243 | Temple   | Became a worshipper of Makhleb the Destroyer
  1296 | D:5      | Entered Level 5 of the Dungeon
  1512 | D:5      | Found an iron altar of Okawaru.
  1583 | D:5      | Reached skill level 1 in Invocations
  1712 | D:5      | Reached skill level 5 in Armour
  1712 | D:5      | Reached XP level 8. HP: 52/74 MP: 8/8
  1803 | D:5      | Reached * piety under Makhleb
  1832 | D:5      | Reached skill level 5 in Shields
  1832 | D:5      | Reached skill level 2 in Invocations
  2368 | D:6      | Found an ancient bone altar of Kikubaaqudgha.
  2385 | D:6      | Reached skill level 3 in Invocations
  2448 | D:6      | Reached skill level 4 in Invocations
  2602 | D:6      | Gained mutation: You passively map the area around you.
                  | [Deep Dwarf growth]
  2602 | D:6      | Reached XP level 9. HP: 82/82 MP: 8/8
  2638 | D:6      | Reached skill level 5 in Invocations
  2804 | D:6      | Reached ** piety under Makhleb
  2948 | D:6      | Found a sacrificial altar of Ru.
  3146 | D:7      | Found a basalt altar of Yredelemnul.
  3195 | D:7      | Noticed a two-headed ogre
  3231 | D:7      | Killed a two-headed ogre
  3231 | D:7      | Reached skill level 5 in Dodging
  3231 | D:7      | Reached skill level 6 in Invocations
  3292 | D:7      | Reached *** piety under Makhleb
  3482 | D:7      | Reached XP level 10. HP: 92/94 MP: 6/6
  3831 | D:9      | Noticed Maurice
  3831 | D:9      | Noticed Psyche
  3839 | D:9      | Killed Maurice
  3839 | D:9      | Reached skill level 7 in Invocations
  3842 | D:9      | Killed Psyche
  4074 | D:9      | Found a glowing silver altar of Zin.
  4166 | D:9      | Found a staircase to the Lair.
  4261 | D:9      | Reached **** piety under Makhleb
  4269 | D:9      | Reached skill level 8 in Invocations
  4764 | D:10     | Entered Level 10 of the Dungeon
  4992 | D:10     | Noticed Grum
  5019 | D:10     | Killed Grum
  5194 | D:10     | Reached ***** piety under Makhleb
  5200 | D:10     | Noticed a tengu warrior
  5200 | D:10     | Noticed a cyan ugly thing
  5250 | D:10     | Killed a cyan ugly thing
  5250 | D:10     | Reached XP level 11. HP: 83/103 MP: 7/7
  5257 | D:10     | Reached skill level 9 in Invocations
  5264 | D:10     | Killed a tengu warrior
  5841 | D:11     | Noticed a six-headed hydra
  5878 | D:11     | Killed a 12-headed hydra
  5878 | D:11     | Reached skill level 10 in Axes
  5964 | D:11     | Noticed a white ugly thing
  5968 | D:11     | Reached skill level 10 in Invocations
  5977 | D:11     | Killed a white ugly thing
  6023 | D:11     | Noticed a white ugly thing
  6030 | D:11     | Killed a white ugly thing
  6147 | D:11     | Gained mutation: Your spells are a little harder to cast,
                  | but a little more powerful. [potion of mutation]
  6147 | D:11     | Gained mutation: You are clumsy. (Dex -2) [potion of
                  | mutation]
  6147 | D:11     | Gained mutation: You are robust. (+10% HP) [potion of
                  | mutation]
  6520 | D:12     | Noticed a centaur warrior
  6534 | D:12     | Killed a centaur warrior
  6557 | D:12     | Noticed a two-headed ogre
  6578 | D:12     | Killed a two-headed ogre
  6586 | D:12     | Noticed a deep troll
  6586 | D:12     | Noticed a deep troll
  6615 | D:12     | Killed a deep troll
  6627 | D:12     | Killed a deep troll
  6627 | D:12     | Reached XP level 12. HP: 90/125 MP: 1/3
  6680 | D:12     | Reached skill level 11 in Invocations
  7125 | D:12     | Found a staircase to the Orcish Mines.
  7289 | Orc:1    | Entered Level 1 of the Orcish Mines
  7293 | Orc:1    | Noticed a two-headed ogre
  7293 | Orc:1    | Noticed a two-headed ogre
  7293 | Orc:1    | Noticed a two-headed ogre
  7294 | Orc:1    | Noticed an ogre mage
  7305 | Orc:1    | Killed a two-headed ogre
  7313 | Orc:1    | Killed a two-headed ogre
  7316 | Orc:1    | Killed a two-headed ogre
  7325 | Orc:1    | Killed an ogre mage
  7326 | Orc:1    | Found a roughly hewn altar of Beogh.
  7472 | Orc:2    | Entered Level 2 of the Orcish Mines
  7473 | Orc:2    | Found a staircase to the Elven Halls.
  7505 | Orc:2    | Reached skill level 10 in Fighting
  7558 | Orc:2    | Found Kulir's Magic Scroll Boutique.
  7574 | Orc:2    | Found a roughly hewn altar of Beogh.
  7696 | Orc:2    | Reached skill level 12 in Invocations
  7708 | Orc:2    | Paralysed by an orc sorcerer for 3 turns
  7712 | Orc:2    | Noticed an orc high priest
  7712 | Orc:2    | HP: 5/127 [ynoxinul/iron shot[an orc sorcerer] (20)]
  7714 | Orc:2    | Slain by an orange demon

Levels and vault maps discovered:
D:1:      dpeg_arrival_tiny_a, layout_basic, chequers_serial_rivers_micro_d
D:2:      layout_basic, marbit_many_paths, lemuel_round_altar, first_ration
D:3:      layout_loops_ring, gammafunk_ghost_nasty_kobolds,
          corexii_corridor_pit, makhleb_blood_cavern_becter
D:4:      layout_cave_pools, minmay_temple_entry_statues,
          hangedman_decor_lopped, hangedman_decor_riveting,
          nemelex_xobeh_ov_fountains_minmay, uniq_blork_the_orc, uniq_pikel
D:5:      minmay_chambers_of_threes, layout_gridville,
          nicolae_overflow_hidden_temple, minmay_mini_ossuary
D:6:      layout_loops_cross, kennysheep_little_box, kiku_gazebo_garden_becter
D:7:      layout_basic, kennysheep_mini_moat, minmay_nine_imps
D:8:      layout_loops_ring, lemuel_crystal_altar,
          amethyst_overflow_temple_binary, gammafunk_ghost_spectres
D:9:      layout_irregular_city, zin_academy, david_lair_shrubbed, uniq_maurice,
          uniq_psyche
D:10:     minmay_bloctagon, layout_long_grid, uniq_grum
D:11:     layout_basic, the_bakery
D:12:     lemuel_troll_bridge, layout_stronghold
Temple:   nicolae_temple_hex_pool
Orc:1:    layout_caves, basic_altar
Orc:2:    st_orc_congregation, layout_diamond_mine, basic_altar, serial_shops,
          nicolae_shop_behind_doors, abandoned_shop

Skill      XL: |  1  2  3  4  5  6  7  8  9 10 11 12 |
---------------+-------------------------------------+-----
Fighting       | 3 4 5 6 7 8 9 10 | 10.1
Dodging        | 1 2 3 4 5 6 7 8 |  8.0
Axes           | 3 5 6 8 9 10 11 | 11.6
Armour         | 4 5 6 7 8 |  8.9
Shields        | 4 5 6 7 8 |  8.7
Invocations    | 1 4 6 8 10 12 | 12.0

Action                   |  1- 3 |  4- 6 |  7- 9 | 10-12 || total
-------------------------+-------+-------+-------+-------++-------
Melee: War axe           |   112 |    42 |   475 |   840 ||  1469
Invok: Lesser Servant of |       |       |       |     4 ||     4
 Abil: Heal Wounds       |     1 |     3 |    31 |    33 ||    68
  Use: Scroll            |       |       |    12 |    10 ||    22
       Potion            |       |       |       |     4 ||     4
 Stab: Distracted        |       |       |       |     2 ||     2
  Eat: Chunk             |       |       |    10 |    17 ||    27
Armor: Scale mail        |    59 |    31 |    11 |       ||   101
       Plate armour      |       |       |   275 |   604 ||   879
Dodge: Dodged            |    32 |    29 |   202 |   330 ||   593
Block: Kite shield       |    64 |    34 |   315 |   610 ||  1023

Table legend:
 A = Non-vault XP
 B = Vault XP
 C = Vault XP percentage of total XP
 D = Non-vault monster count
 E = Vault monster count
 F = Vault count percentage of total count
                 A         B        C        D         E       F
            +---------+---------+-------+---------+---------+-------
      Total |   22991 |   10921 |  32.2 |     298 |      69 |  18.8
            +---------+---------+-------+---------+---------+-------
        D:1 |      38 |       0 |   0.0 |      15 |       0 |   0.0
        D:2 |      41 |       2 |   4.7 |      15 |       1 |   6.2
        D:3 |      12 |       0 |   0.0 |       6 |       0 |   0.0
        D:4 |     305 |     805 |  72.5 |      14 |       2 |  12.5
        D:5 |     411 |     212 |  34.0 |      21 |      14 |  40.0
        D:6 |    1480 |       0 |   0.0 |      32 |       0 |   0.0
        D:7 |    1985 |     313 |  13.6 |      43 |       9 |  17.3
        D:9 |    2303 |    1218 |  34.6 |      44 |       3 |   6.4
       D:10 |    1872 |    3024 |  61.8 |      32 |      14 |  30.4
       D:11 |    3771 |     215 |   5.4 |      28 |       1 |   3.4
       D:12 |    3323 |    4537 |  57.7 |      14 |      13 |  48.1
      Orc:1 |    4265 |       0 |   0.0 |      11 |       0 |   0.0
      Orc:2 |    3185 |     595 |  15.7 |      23 |      12 |  34.3
            +---------+---------+-------+---------+---------+-------
